3AA
MARQUETTE MINERS @ ASHEVILLE HIGHLANDERS
05/03/2042
 
TOP OF THE 1ST
Marquette Miners batting - Pitching for Asheville Highlanders : LHP Dan Dunn
Pitching: LHP Dan Dunn
Batting: RHB Richard Mitchell 0-0: Foul Ball, location: 2F
0-1: Foul Ball, location: 2F
0-2: Ground out 5-3 (Groundball, 56S, EV 66.9 MPH)
Batting: RHB Alfred Howard Biggs 0-0: Called Strike
0-1: Ground out 5-3 (Groundball, 56, EV 85.0 MPH)
Pitching: RHP Jesús Gordini
Batting: RHB Roland Rankin 0-0: Foul Ball, location: 2F
0-1: Foul Ball, location: 2F
0-2: Strikes out looking
Top of the 1st over - 0 runs, 0 hits, 0 errors, 0 left on base; Marquette 0 - Asheville 0
BOTTOM OF THE 1ST
Asheville Highlanders batting - Pitching for Marquette Miners : RHP Alfredo Romo
Pitching: RHP Alfredo Romo
Batting: RHB Tikaroa Hakapuna 0-0: Fly out, F6 (Flyball, 6MD, EV 78.8 MPH)
Batting: SHB Wendell Palmer 0-0: Called Strike
0-1: Ball
1-1: Called Strike
1-2: Foul Ball, location: 2F
1-2: Ball
2-2: Strikes out looking
Batting: RHB Koryusai Maejima 0-0: Ball
1-0: Ground out 1-3 (Groundball, P, EV 68.1 MPH)
Bottom of the 1st over - 0 runs, 0 hits, 0 errors, 0 left on base; Marquette 0 - Asheville 0
TOP OF THE 2ND
Marquette Miners batting - Pitching for Asheville Highlanders : RHP Jesús Gordini
Batting: RHB Colton Shepard 0-0: Ball
1-0: Foul Ball, location: 2F
1-1: Foul Ball, location: 2F
1-2: Foul Ball, location: 2F
1-2: SOLO HOME RUN (Flyball, 8LXD, EV 113.1 MPH), Distance : 439 ft
Batting: LHB Steve Chittick 0-0: Called Strike
0-1: Foul Ball, location: 2F
0-2: Foul Ball, location: 2F
0-2: SINGLE (Groundball, 4D, EV 95.0 MPH)
Batting: RHB Martin Payton 0-0: Ball
1-0: Called Strike
1-1: Ball
2-1: Foul Ball, location: 2F
2-2: Ball
3-2: Ground out 5-3 (Groundball, 56, EV 83.1 MPH)
Steve Chittick to second
Batting: RHB Kiril Neuvel 0-0: Fly out, F6 (Popup, 6S, EV 66.9 MPH)
Batting: LHB Bill Knight 0-0: Called Strike
0-1: Called Strike
0-2: Ball
1-2: Ball
2-2: Ball
3-2: Ground out 4-3 (Groundball, 4, EV 80.6 MPH)
Top of the 2nd over - 1 run, 2 hits, 0 errors, 1 left on base; Marquette 1 - Asheville 0
BOTTOM OF THE 2ND
Asheville Highlanders batting - Pitching for Marquette Miners : RHP Alfredo Romo
Batting: RHB Allan Callejo 0-0: Ball
1-0: Ball
2-0: Foul Ball, location: 2F
2-1: Ball
3-1: Foul Ball, location: 2F
3-2: SINGLE (Groundball, 6S, EV 83.8 MPH) (infield hit)
Batting: RHB Dusan Kontic 0-0: Called Strike
0-1: Ball
Allan Callejo steals 2nd base
1-1: Foul Ball, location: 2F
1-2: Strikes out swinging
Batting: RHB Ivano Pohvisnev 0-0: Called Strike
Allan Callejo is caught stealing 3rd base 2-5
0-1: Foul Ball, location: 2F
0-2: Strikes out looking
Bottom of the 2nd over - 0 runs, 1 hit, 0 errors, 0 left on base; Marquette 1 - Asheville 0
TOP OF THE 3RD
Marquette Miners batting - Pitching for Asheville Highlanders : RHP Jesús Gordini
Batting: LHB Bob Blough 0-0: Ball
1-0: SINGLE (Line Drive, 8RS, EV 100.6 MPH)
Batting: RHB Richard Mitchell 0-0: Ball
1-0: Called Strike
1-1: Ball
2-1: Ball
Wild Pitch!
Bob Blough to second
3-1: Foul Ball, location: 2F
3-2: Strikes out swinging
Batting: RHB Alfred Howard Biggs 0-0: Foul Ball, location: 2F
0-1: Swinging Strike
0-2: Strikes out swinging
Batting: RHB Roland Rankin 0-0: Ground out 6-3 (Groundball, 6S, EV 91.2 MPH)
Top of the 3rd over - 0 runs, 1 hit, 0 errors, 1 left on base; Marquette 1 - Asheville 0
BOTTOM OF THE 3RD
Asheville Highlanders batting - Pitching for Marquette Miners : RHP Alfredo Romo
Batting: LHB Mark Mears 0-0: Foul Ball, location: 2F
0-1: Fly out, F8 (Flyball, 8RD, EV 90.6 MPH)
Batting: RHB Joe Frank 0-0: Ball
1-0: Swinging Strike
1-1: Foul Ball, location: 2F
1-2: Foul Ball, location: 2F
1-2: Foul Ball, location: 2F
1-2: Ground out 4-3 (Groundball, 4M, EV 95.0 MPH)
Batting: RHB Lane Ruffin 0-0: Swinging Strike
0-1: Ball
1-1: Foul Ball, location: 2F
1-2: Strikes out looking
Bottom of the 3rd over - 0 runs, 0 hits, 0 errors, 0 left on base; Marquette 1 - Asheville 0
TOP OF THE 4TH
Marquette Miners batting - Pitching for Asheville Highlanders : RHP Jesús Gordini
Batting: RHB Colton Shepard 0-0: Called Strike
0-1: Ball
1-1: Ball
2-1: Ball
3-1: Fly out, F7 (Line Drive, 7, EV 96.2 MPH)
Batting: LHB Steve Chittick 0-0: Ball
1-0: Swinging Strike
1-1: Ball
2-1: Reached on error, E5 (Groundball, 56, EV 105.6 MPH)
Batting: RHB Martin Payton 0-0: Ground out 4-3 (Groundball, 4, EV 81.2 MPH)
Steve Chittick to third
Batting: RHB Kiril Neuvel 0-0: Ball
1-0: Called Strike
1-1: DOUBLE (Line Drive, 9LS, EV 103.1 MPH)
Steve Chittick scores
Batting: LHB Bill Knight 0-0: Ball
1-0: Ball
2-0: DOUBLE (Line Drive, 7LS, EV 96.9 MPH)
Kiril Neuvel scores
Batting: LHB Bob Blough 0-0: Swinging Strike
0-1: Swinging Strike
0-2: Foul Ball, location: 2F
0-2: Foul Ball, location: 2F
0-2: Strikes out swinging
Top of the 4th over - 2 runs, 2 hits, 1 error, 1 left on base; Marquette 3 - Asheville 0
BOTTOM OF THE 4TH
Asheville Highlanders batting - Pitching for Marquette Miners : RHP Alfredo Romo
Batting: RHB Tikaroa Hakapuna 0-0: Swinging Strike
0-1: Swinging Strike
0-2: Ground out 3-1 (Groundball, 34S, EV 66.9 MPH)
Batting: SHB Wendell Palmer 0-0: Swinging Strike
0-1: Called Strike
0-2: Ball
1-2: Strikes out swinging
Batting: RHB Koryusai Maejima 0-0: Ball
1-0: Ball
2-0: Ball
3-0: Called Strike
3-1: Swinging Strike
3-2: Strikes out looking
Bottom of the 4th over - 0 runs, 0 hits, 0 errors, 0 left on base; Marquette 3 - Asheville 0
TOP OF THE 5TH
Marquette Miners batting - Pitching for Asheville Highlanders : RHP Jesús Gordini
Batting: RHB Richard Mitchell 0-0: Foul Ball, location: 2F
0-1: Swinging Strike
0-2: Ball
1-2: Foul Ball, location: 2F
1-2: Foul Ball, location: 2F
1-2: SINGLE (Groundball, 56D, EV 110.0 MPH)
Batting: RHB Alfred Howard Biggs 0-0: Ball
1-0: Ball
2-0: Bunt missed!
2-1: Bunted foul
2-2: Fly out, F9 (Flyball, 9LM, EV 91.9 MPH)
Batting: RHB Roland Rankin 0-0: Ball
1-0: Ball
2-0: DOUBLE (Line Drive, 89XD, EV 106.9 MPH)
Richard Mitchell to third
Runner from 3rd tries for Home, SAFE, throw by RF to trailing runner, OUT at third! 9-4-5
Batting: RHB Colton Shepard 0-0: Called Strike
0-1: SINGLE (Groundball, 56D, EV 100.0 MPH)
Pitching: RHP Said Akimi
Batting: LHB Steve Chittick 0-0: Called Strike
0-1: Ball
1-1: Swinging Strike
1-2: Ball
2-2: Fly out, F6 (Popup, 6M, EV 61.2 MPH)
Top of the 5th over - 1 run, 3 hits, 0 errors, 1 left on base; Marquette 4 - Asheville 0
BOTTOM OF THE 5TH
Asheville Highlanders batting - Pitching for Marquette Miners : RHP Alfredo Romo
Batting: RHB Allan Callejo 0-0: Fly out, F9 (Flyball, 9LM, EV 86.9 MPH)
Batting: RHB Dusan Kontic 0-0: Ball
1-0: Fly out, F8 (Flyball, 8RM, EV 88.1 MPH)
Batting: RHB Ivano Pohvisnev 0-0: Ball
1-0: Called Strike
1-1: Ball
2-1: Ball
3-1: Foul Ball, location: 2F
3-2: SINGLE (Groundball, 6MD, EV 102.5 MPH)
Batting: LHB Mark Mears 0-0: Called Strike
0-1: Ball
1-1: Swinging Strike
1-2: Strikes out swinging
Bottom of the 5th over - 0 runs, 1 hit, 0 errors, 1 left on base; Marquette 4 - Asheville 0
TOP OF THE 6TH
Marquette Miners batting - Pitching for Asheville Highlanders : RHP Said Akimi
Batting: RHB Martin Payton 0-0: Swinging Strike
0-1: Swinging Strike
0-2: Ball
1-2: Foul Ball, location: 2F
1-2: Strikes out swinging
Batting: RHB Kiril Neuvel 0-0: Ball
1-0: Foul Ball, location: 2F
1-1: Foul Ball, location: 2F
1-2: Ball
2-2: SOLO HOME RUN (Flyball, 78XD, EV 89.4 MPH), Distance : 399 ft
Batting: LHB Bill Knight 0-0: Ball
1-0: Called Strike
1-1: Foul Ball, location: 2F
1-2: Foul Ball, location: 2F
1-2: Ball
2-2: Strikes out swinging
Batting: LHB Bob Blough 0-0: Ball
1-0: Called Strike
1-1: Called Strike
1-2: Ball
2-2: Ball
3-2: SINGLE (Groundball, 6D, EV 108.1 MPH)
Batting: RHB Richard Mitchell 0-0: Called Strike
0-1: Ball
1-1: Foul Ball, location: 2F
1-2: Foul Ball, location: 2F
1-2: Foul Ball, location: 2F
1-2: Fly out, F7 (Flyball, 78D, EV 99.4 MPH)
Top of the 6th over - 1 run, 2 hits, 0 errors, 1 left on base; Marquette 5 - Asheville 0
BOTTOM OF THE 6TH
Asheville Highlanders batting - Pitching for Marquette Miners : RHP Alfredo Romo
Batting: RHB Joe Frank 0-0: Ball
1-0: Foul Ball, location: 2F
1-1: Foul Ball, location: 2F
1-2: SINGLE (Groundball, 4MD, EV 102.5 MPH)
Batting: RHB Lane Ruffin 0-0: Called Strike
0-1: Ball
1-1: Foul Ball, location: 2F
1-2: Strikes out swinging
Batting: RHB Tikaroa Hakapuna 0-0: Foul Ball, location: 2F
0-1: Ball
1-1: Ball
2-1: Swinging Strike
2-2: SINGLE (Groundball, 4MD, EV 101.2 MPH)
Joe Frank to second
Runner from 2nd tries for 3rd, SAFE, no throw by CF
Batting: SHB Wendell Palmer 0-0: Ball
1-0: Ball
2-0: Called Strike
2-1: Foul Ball, location: 2F
2-2: Ball
3-2: Fly out, F8 (Flyball, 8LXD, EV 96.9 MPH)
Runner from 3rd tags up, SCORES, no throw by CF
Batting: RHB Koryusai Maejima 0-0: Ball
1-0: Fly out, F9 (Flyball, 89M, EV 92.5 MPH)
Bottom of the 6th over - 1 run, 2 hits, 0 errors, 1 left on base; Marquette 5 - Asheville 1
TOP OF THE 7TH
Marquette Miners batting - Pitching for Asheville Highlanders : RHP Said Akimi
Batting: RHB Alfred Howard Biggs 0-0: Ground out 6-3 (Groundball, 6, EV 83.1 MPH)
Batting: RHB Roland Rankin 0-0: Called Strike
0-1: Ball
1-1: Ball
2-1: Ball
3-1: Called Strike
3-2: Strikes out swinging
Batting: RHB Colton Shepard 0-0: Ball
1-0: SINGLE (Groundball, 6, EV 83.1 MPH) (infield hit)
Batting: LHB Steve Chittick 0-0: Ball
1-0: Called Strike
1-1: Called Strike
1-2: Strikes out swinging
Top of the 7th over - 0 runs, 1 hit, 0 errors, 1 left on base; Marquette 5 - Asheville 1
BOTTOM OF THE 7TH
Asheville Highlanders batting - Pitching for Marquette Miners : RHP Alfredo Romo
Batting: RHB Allan Callejo 0-0: Foul Ball, location: 2F
0-1: Foul Ball, location: 2F
0-2: Foul Ball, location: 2F
0-2: Ground out 5-3 (Groundball, 56S, EV 79.4 MPH)
Batting: RHB Dusan Kontic 0-0: Fly out, F8 (Flyball, 8LM, EV 91.9 MPH)
Batting: RHB Ivano Pohvisnev 0-0: Called Strike
0-1: Foul Ball, location: 2F
0-2: Foul Ball, location: 2F
0-2: SINGLE (Line Drive, 7LS, EV 97.5 MPH)
Batting: LHB Mark Mears 0-0: Ball
1-0: Ball
2-0: Foul Ball, location: 2F
2-1: Foul Ball, location: 2F
2-2: Foul Ball, location: 2F
2-2: Ball
3-2: Strikes out swinging
Bottom of the 7th over - 0 runs, 1 hit, 0 errors, 1 left on base; Marquette 5 - Asheville 1
TOP OF THE 8TH
Marquette Miners batting - Pitching for Asheville Highlanders : RHP Said Akimi
Batting: RHB Martin Payton 0-0: Ball
1-0: Ball
2-0: Called Strike
2-1: Called Strike
2-2: Strikes out looking
Batting: RHB Kiril Neuvel 0-0: Ball
1-0: Ball
2-0: Foul Ball, location: 2F
2-1: Foul Ball, location: 2F
2-2: Strikes out looking
Batting: LHB Bill Knight 0-0: Ball
1-0: Ground out U3 (Groundball, 3, EV 104.4 MPH)
Top of the 8th over - 0 runs, 0 hits, 0 errors, 0 left on base; Marquette 5 - Asheville 1
BOTTOM OF THE 8TH
Asheville Highlanders batting - Pitching for Marquette Miners : RHP Alfredo Romo
Pitching: LHP Fred Bridges
Batting: RHB Joe Frank 0-0: Foul Ball, location: 2F
0-1: Foul Ball, location: 2F
0-2: Foul Ball, location: 2F
0-2: Foul Ball, location: 2F
0-2: Ball
1-2: Ball
2-2: Foul Ball, location: 2F
2-2: Strikes out swinging
Batting: RHB Lane Ruffin 0-0: Called Strike
0-1: Foul Ball, location: 2F
0-2: Ground out 5-3 (Groundball, 56S, EV 81.2 MPH)
Batting: RHB Tikaroa Hakapuna 0-0: Ground out 4-3 (Groundball, 34, EV 85.0 MPH)
Bottom of the 8th over - 0 runs, 0 hits, 0 errors, 0 left on base; Marquette 5 - Asheville 1
TOP OF THE 9TH
Marquette Miners batting - Pitching for Asheville Highlanders : RHP Said Akimi
Batting: LHB Bob Blough 0-0: Called Strike
0-1: Ball
1-1: SINGLE (Groundball, 56D, EV 97.5 MPH)
Pitching: RHP Tobin Basch
Batting: RHB Richard Mitchell 0-0: Bunted foul
0-1: Sac Bunt to 23 - play at first, batter OUT! 3-4
Bob Blough to second
Batting: RHB Alfred Howard Biggs 0-0: Called Strike
0-1: SINGLE (Flyball, 78S, EV 91.9 MPH)
Bob Blough to third
Runner from 3rd tries for Home, SAFE, throw by CF to home
Batting: RHB Roland Rankin 0-0: SINGLE (Groundball, 6, EV 100.0 MPH) (infield hit)
Alfred Howard Biggs to second
Batting: RHB Colton Shepard 0-0: Ball
1-0: Ball
2-0: 3-RUN HOME RUN (Flyball, 9D, EV 97.5 MPH), Distance : 356 ft
Pinch Hitting: LHB Vic Britt 0-0: Fly out, F4 (Line Drive, 4, EV 67.5 MPH)
Batting: RHB Martin Payton 0-0: Ball
1-0: Fly out, F3 (Popup, 3SF, EV 81.9 MPH)
Top of the 9th over - 4 runs, 4 hits, 0 errors, 0 left on base; Marquette 9 - Asheville 1
BOTTOM OF THE 9TH
Asheville Highlanders batting - Pitching for Marquette Miners : LHP Fred Bridges
Now in CF: Vic Britt
Pinch Hitting: RHB José Portiz 0-0: Ball
1-0: Called Strike
1-1: Swinging Strike
1-2: SINGLE (Line Drive, 7S, EV 99.4 MPH)
Pinch Hitting: RHB Dan Olson 0-0: Called Strike
0-1: Called Strike
0-2: Ball
1-2: Strikes out swinging
Batting: RHB Allan Callejo 0-0: Ball
1-0: Foul Ball, location: 2F
1-1: Ball
2-1: Foul Ball, location: 2F
2-2: Foul Ball, location: 2F
2-2: Strikes out looking
Batting: RHB Dusan Kontic 0-0: SINGLE (Line Drive, 7LS, EV 86.9 MPH)
José Portiz to second
Pinch Hitting: RHB John Alexander 0-0: Ball
1-0: Foul Ball, location: 2F
1-1: Called Strike
1-2: Ball
2-2: Ball
3-2: Foul Ball, location: 2F
3-2: Base on Balls
José Portiz to third
Dusan Kontic to second
Batting: LHB Mark Mears 0-0: Foul Ball, location: 2F
0-1: Foul Ball, location: 2F
0-2: Foul Ball, location: 2F
0-2: Ball
1-2: Ball
2-2: Ball
3-2: Ground out 4-3 (Groundball, 4, EV 103.8 MPH)
Bottom of the 9th over - 0 runs, 2 hits, 0 errors, 3 left on base; Marquette 9 - Asheville 1
Friday, March 26th, 2021 - OOTP Baseball 20.8 Build 74